[Event "Titled Tuesday Blitz July 25 Early 2023"]
[White "Kuznetsova, Olga"]
[Black "Sankalan Shah"]
[WhiteFideId "4191323"]
[BlackFideId "25600362"]
[WhiteElo "2505"]
[BlackElo "2215"]
[Result "1-0"]
[Round "5"]
[TimeControl "180+2"]
[Date "2023.07.25"]
[WhiteClock "0:00:10"]
[BlackClock "0:00:00"]
[Board "148"]

1. d4 Nf6 2. Bf4 g6 3. e3 Bg7 4. h4 O-O 5. h5 d6 6. hxg6 fxg6 7. Bc4+ d5 8. Bb3 c6 9. c4 Be6 10. cxd5 Bxd5 11. Nc3 e6 12. Nf3 Nbd7 13. Ng5 Qe7 14. Qc2 Nb6 15. O-O-O Bxb3 16. Qxb3 Nbd5 17. Be5 h6 18. Nge4 Nxe4 19. Nxe4 Bxe5 20. dxe5 Kg7 21. f4 c5 22. Rh3 b5 23. Qc2 c4 24. Rdh1 h5 25. Rg3 Nb4 26. Qe2 Nd3+ 27. Kb1 Qb4 28. Rxg6+ Kf7 29. Rf6+ Ke7 30. Rxh5 Rxf6 31. exf6+ Kd7 32. Rh7+ Kc6 33. f7 Rd8 34. Nc3 a5 35. Rh5 Rf8 36. Rxb5 Qd6 37. Rxa5 Kd7 38. Ra7+ Kd8 39. Qf3 Qb8 40. Ra8 Ke7 41. Rxb8 Rxb8 42. f5 Rxb2+ 43. Ka1 Rc2 44. f8=Q+ Kxf8 45. fxe6+ Kg8 46. Ne2 Rd2 47. a4 Rd1+ 48. Ka2 Nb4+ 49. Ka3 Nc2+ 50. Kb2 Nb4 51. Qf7+ Kh8 52. e7 Rd2+ 53. Kc3 Rc2+ 54. Kxb4 Rb2+ 55. Kc5 Rb8 56. e8=Q+ 1-0


[Site "https://www.chess.com"]

[Event "Titled Tuesday Blitz July 25 Early 2023"]
[White "Berezin, Viktor"]
[Black "Mishra, Manoj"]
[WhiteFideId "14107872"]
[BlackFideId "5006007"]
[WhiteElo "2502"]
[BlackElo "2186"]
[Result "0-1"]
[Round "5"]
[TimeControl "180+2"]
[Date "2023.07.25"]
[WhiteClock "0:00:08"]
[BlackClock "0:00:03"]
[Board "149"]

1. d4 Nf6 2. Nf3 g6 3. g3 Bg7 4. Bg2 O-O 5. O-O d6 6. a4 Nbd7 7. a5 e5 8. a6 e4 9. Ng5 d5 10. axb7 Bxb7 11. c4 h6 12. Nh3 g5 13. cxd5 Bxd5 14. Nc3 c6 15. f3 exf3 16. exf3 Qb6 17. Nf2 Bc4 18. Re1 Nd5 19. Nxd5 Bxd5 20. Be3 Qxb2 21. Ne4 Rfb8 22. f4 Qxg2+ 23. Kxg2 Bxe4+ 24. Kg1 Rb2 25. Bf2 f5 26. Rc1 Nf6 27. fxg5 Ng4 28. Re2 Bf3 29. Rxb2 Bxd1 30. Rxd1 Nxf2 31. Kxf2 c5 32. Kf3 Bxd4 33. Rb7 hxg5 34. h4 gxh4 35. gxh4 a5 36. Rd3 a4 37. Ra3 Bf6 38. h5 Kh8 39. Kf4 Bh4 40. Kxf5 Be1 41. Re3 Bh4 42. Ra3 Be1 43. Kg6 c4 44. Re7 Bb4 45. Rae3 Bxe7 46. Rxe7 a3 47. Re2 a2 48. h6 a1=Q 49. Re6 Qg1+ 50. Kh5 Qh2+ 51. Kg6 Rg8+ 52. Kf7 Qf4+ 53. Ke7 Qg5+ 54. Kd7 Rg6 55. Re8+ Kh7 56. Re7+ Qxe7+ 57. Kxe7 c3 58. Kf7 c2 59. Ke7 Rxh6 60. Kf7 c1=Q 61. Ke7 Qd2 62. Kf7 Rh2 63. Ke7 Qe1+ 64. Kf7 Rf2# 0-1


[Site "https://www.chess.com"]

[Event "Titled Tuesday Blitz July 25 Early 2023"]
[White "Feliz Dotel, Dewar Bienvenido"]
[Black "Ginzburg, Yakov"]
[WhiteFideId "6402801"]
[BlackFideId "4157176"]
[WhiteElo "2085"]
[BlackElo "2500"]
[Result "1/2-1/2"]
[Round "5"]
[TimeControl "180+2"]
[Date "2023.07.25"]
[WhiteClock "0:00:05"]
[BlackClock "0:00:03"]
[Board "150"]

1. d4 Nf6 2. e3 e6 3. Nf3 c5 4. Bd3 b6 5. b3 Bb7 6. Bb2 Be7 7. Nbd2 O-O 8. O-O Nc6 9. a3 d6 10. Qe2 Rc8 11. Rfd1 Qc7 12. Rac1 Qb8 13. Ba6 Rfd8 14. Bxb7 Qxb7 15. c4 cxd4 16. exd4 d5 17. Ne5 dxc4 18. Nxc6 Qxc6 19. bxc4 Qa4 20. Qf3 b5 21. Qb7 Bxa3 22. Ra1 b4 23. c5 Qd7 24. Qxd7 Rxd7 25. Bxa3 bxa3 26. Nc4 a2 27. Nd6 Rb8 28. Rxa2 Ne8 29. Nxe8 Rxe8 30. f3 Red8 31. Rad2 Rd5 32. c6 Rc8 33. Rc1 Kf8 34. Kf2 Rd6 35. Ra2 Rdxc6 36. Rxc6 Rxc6 37. Rxa7 Rc2+ 38. Kg3 Rd2 39. Ra4 Ke7 40. h4 h5 41. f4 Kd6 42. Kf3 g6 43. g4 hxg4+ 44. Kxg4 Kd5 45. Kg5 Rxd4 46. Ra7 f5 47. Rd7+ Ke4 48. Rxd4+ Kxd4 49. Kxg6 e5 50. fxe5 f4 51. e6 f3 52. e7 f2 53. e8=Q f1=Q 54. Qh8+ Kd5 55. Qg8+ Kc5 56. Qf7 Qg2+ 57. Kh7 Qe4+ 58. Qg6 Qxh4+ 59. Kg8 Kd5 60. Qf7+ Ke5 61. Qg7+ Ke6 62. Qf7+ Kd6 63. Qf8+ Kd7 64. Qg7+ Qe7 65. Qxe7+ Kxe7 1/2-1/2


[Site "https://www.chess.com"]

[Event "Titled Tuesday Blitz July 25 Early 2023"]
[White "Rodriguez Fontecha, Marcos"]
[Black "Nan M K Khine Hlyan"]
[WhiteFideId "2256576"]
[BlackFideId "13002899"]
[WhiteElo "2497"]
[BlackElo "1735"]
[Result "1-0"]
[Round "5"]
[TimeControl "180+2"]
[Date "2023.07.25"]
[WhiteClock "0:01:17"]
[BlackClock "0:00:07"]
[Board "151"]

1. e4 e5 2. Nf3 Nc6 3. d4 exd4 4. Bc4 Bc5 5. Ng5 Nh6 6. Nxf7 Nxf7 7. Bxf7+ Kxf7 8. Qh5+ g6 9. Qxc5 d6 10. Qb5 Re8 11. O-O Rxe4 12. Qd5+ Re6 13. Nd2 Kg7 14. Nf3 Bd7 15. b3 Ne5 16. Nxd4 Re8 17. Bb2 Qg5 18. f4 Qh5 19. fxe5 Rxe5 20. Nf3 Qxf3 21. Rxf3 1-0


[Site "https://www.chess.com"]

[Event "Titled Tuesday Blitz July 25 Early 2023"]
[White "Molina, Roberto Junio Brito"]
[Black "ivana_999"]
[WhiteFideId "2109450"]
[WhiteElo "2864"]
[BlackElo "2065"]
[Result "1-0"]
[Round "5"]
[TimeControl "180+2"]
[Date "2023.07.25"]
[WhiteClock "0:00:17"]
[BlackClock "0:00:00"]
[Board "152"]

1. d4 Nf6 2. Nf3 d5 3. e3 c5 4. c3 Nc6 5. Nbd2 Bg4 6. Qa4 Bxf3 7. Nxf3 Nd7 8. Bb5 Qc7 9. O-O e6 10. c4 dxc4 11. Qxc4 a6 12. Qa4 Rc8 13. Be2 Be7 14. Rd1 O-O 15. Bd2 Bf6 16. Rac1 Nb6 17. Qb3 cxd4 18. exd4 Nd5 19. g3 Rfd8 20. Be3 Qe7 21. a3 b5 22. Bd3 h6 23. Be4 Na5 24. Qd3 Nxe3 25. fxe3 Nc4 26. Qe2 Nd6 27. Bd3 Qb7 28. Bb1 Rxc1 29. Rxc1 Rc8 30. Rf1 Ne4 31. Qd3 Nd6 32. e4 Be7 33. e5 Nf5 34. g4 g6 35. gxf5 gxf5 36. d5 Kh7 37. d6 Rg8+ 38. Kh1 Bh4 39. Rg1 1-0


[Site "https://www.chess.com"]

[Event "Titled Tuesday Blitz July 25 Early 2023"]
[White "SmirnovAlexandrA"]
[Black "Rahman, Masruri"]
[BlackFideId "7101163"]
[WhiteElo "2433"]
[BlackElo "2750"]
[Result "1-0"]
[Round "5"]
[TimeControl "180+2"]
[Date "2023.07.25"]
[WhiteClock "0:00:26"]
[BlackClock "0:00:00"]
[Board "153"]

1. e4 e6 2. d4 d5 3. Nc3 Bb4 4. Ne2 Nc6 5. a3 Bxc3+ 6. Nxc3 dxe4 7. Bb5 Ne7 8. Nxe4 Qd5 9. Qe2 O-O 10. c3 Nf5 11. Bd3 e5 12. O-O exd4 13. Bf4 Qd8 14. Rad1 Be6 15. Ng5 Qf6 16. Rfe1 Bb3 17. Rd2 h6 18. Ne4 Qh4 19. g3 Qe7 20. Qg4 Be6 21. Qh5 g6 22. Qd1 Rfe8 23. c4 Rad8 24. h4 Kg7 25. Rde2 Qf8 26. b4 Rd7 27. Qc1 Kh7 28. b5 Na5 29. Qd2 Qg7 30. Qxa5 b6 31. Qd2 Rde7 32. Kg2 Bc8 33. f3 Bb7 34. Nf2 Rxe2 35. Rxe2 Rxe2 36. Qxe2 Qf6 37. Ng4 Nxh4+ 38. Kh3 Bc8 39. Be5 Qe7 40. gxh4 h5 41. Bg3 hxg4+ 42. fxg4 Qxa3 43. h5 Kg7 44. hxg6 fxg6 45. Qe5+ Kh7 46. Qxc7+ Kh6 47. Bf4+ 1-0


[Site "https://www.chess.com"]

[Event "Titled Tuesday Blitz July 25 Early 2023"]
[White "Herman, Daniel"]
[Black "Nasuta, Grzegorz"]
[WhiteFideId "30935008"]
[BlackFideId "1141686"]
[WhiteElo "2430"]
[BlackElo "2692"]
[Result "0-1"]
[Round "5"]
[TimeControl "180+2"]
[Date "2023.07.25"]
[WhiteClock "0:00:02"]
[BlackClock "0:00:04"]
[Board "154"]

1. e4 c5 2. Nf3 d6 3. d4 cxd4 4. Nxd4 Nf6 5. Nc3 a6 6. h3 e6 7. g4 Nfd7 8. g5 b5 9. a3 Bb7 10. f4 Be7 11. h4 Nc6 12. Be3 Rc8 13. f5 Nxd4 14. Qxd4 e5 15. Qd2 Rxc3 16. Qxc3 Bxe4 17. Rg1 Bxf5 18. O-O-O O-O 19. Bg2 Qb8 20. Qb3 Nc5 21. Bxc5 dxc5 22. Bd5 c4 23. Qf3 g6 24. Rgf1 Qc7 25. Kb1 a5 26. Rde1 b4 27. a4 b3 28. Be4 Bxe4 29. Qxe4 bxc2+ 30. Kxc2 c3 31. Qxe5 Bd6 32. Qxc3 Qb8 33. Kb1 Bb4 34. Qb3 Bxe1 35. Qxb8 Rxb8 36. Rxe1 Rb4 37. Re5 Rxa4 38. Kc2 Kg7 39. Kc3 h6 40. b3 Rxh4 41. Rxa5 hxg5 42. Rxg5 f5 43. b4 Kf6 44. Rg1 g5 45. b5 g4 46. b6 Rh8 47. Kd4 Rb8 48. Kc5 Kg5 49. Kd5 Rxb6 50. Ke5 Rb8 51. Ke6 Re8+ 52. Kd5 f4 0-1


[Site "https://www.chess.com"]

[Event "Titled Tuesday Blitz July 25 Early 2023"]
[White "Valgmae, Toomas"]
[Black "Sagita, Catur Adi"]
[WhiteFideId "4502523"]
[BlackFideId "7104618"]
[WhiteElo "2426"]
[BlackElo "2634"]
[Result "1-0"]
[Round "5"]
[TimeControl "180+2"]
[Date "2023.07.25"]
[WhiteClock "0:00:16"]
[BlackClock "0:00:04"]
[Board "155"]

1. d4 Nf6 2. c4 e6 3. Nc3 Bb4 4. Qc2 c5 5. dxc5 Nc6 6. a3 Bxc5 7. b4 Bb6 8. Nf3 d5 9. c5 Bc7 10. e3 O-O 11. Bb2 e5 12. Rd1 Be6 13. Be2 a6 14. O-O h6 15. Rd2 Qb8 16. Rfd1 e4 17. Nd4 Bxh2+ 18. Kh1 Nxd4 19. Rxd4 Be5 20. R4d2 Qe8 21. Na4 Bxb2 22. Nxb2 Rd8 23. Na4 Nd7 24. Nc3 Nf6 25. Kg1 h5 26. Rd4 h4 27. Qd2 Qe7 28. Na4 g6 29. Nb6 Kg7 30. Qc3 Kh7 31. a4 Qc7 32. b5 axb5 33. axb5 Qe5 34. c6 bxc6 35. bxc6 Rd6 36. Qc5 Rb8 37. Rb1 Bg4 38. Bf1 h3 39. g3 h2+ 40. Kh1 Bf3+ 41. Bg2 Qh5 42. Qxd6 Qh3 43. Bxf3 Rxb6 44. Rbd1 Rb2 45. Qxf6 Rxf2 46. Qxf7+ Kh6 47. Qf8+ Kh7 48. Rxd5 Rf1+ 49. Rxf1 Qxf1+ 50. Kxh2 Qf2+ 51. Kh3 Qf1+ 52. Kg4 1-0


[Site "https://www.chess.com"]

[Event "Titled Tuesday Blitz July 25 Early 2023"]
[White "Krzywda, Andrzej"]
[Black "Goryachkina, Aleksandra"]
[WhiteFideId "1114565"]
[BlackFideId "4147103"]
[WhiteElo "2416"]
[BlackElo "2629"]
[Result "1-0"]
[Round "5"]
[TimeControl "180+2"]
[Date "2023.07.25"]
[WhiteClock "0:02:10"]
[BlackClock "0:00:00"]
[Board "156"]

1. e4 e6 2. d4 d5 3. Nc3 Nf6 4. e5 Nfd7 5. f4 c5 6. Nf3 Nc6 7. Be3 a6 8. a3 b5 9. dxc5 Bxc5 10. Qd2 Qb6 11. Bf2 O-O 12. Bd3 h6 13. O-O f6 14. exf6 Nxf6 15. Bxc5 Qxc5+ 16. Kh1 Bd7 17. Rae1 1-0


[Site "https://www.chess.com"]

[Event "Titled Tuesday Blitz July 25 Early 2023"]
[White "Vlassov, Nikolai"]
[Black "Bueno, Alfeu Junior Varela"]
[WhiteFideId "4103360"]
[BlackFideId "2108879"]
[WhiteElo "2561"]
[BlackElo "2409"]
[Result "1-0"]
[Round "5"]
[TimeControl "180+2"]
[Date "2023.07.25"]
[WhiteClock "0:01:04"]
[BlackClock "0:00:03"]
[Board "157"]

1. e4 e6 2. d4 d5 3. Bd3 dxe4 4. Bxe4 Nf6 5. Bf3 c5 6. Ne2 Nc6 7. Be3 cxd4 8. Nxd4 Nxd4 9. Qxd4 Qxd4 10. Bxd4 Bb4+ 11. Nc3 O-O 12. O-O-O a6 13. Rd3 Re8 14. Bxf6 gxf6 15. Ne4 Be7 16. Nd6 Rd8 17. Nxc8 Raxc8 18. Bxb7 Rxd3 19. Bxc8 Rd6 20. Rd1 Rxd1+ 21. Kxd1 a5 22. Kd2 Bc5 23. f3 Kf8 24. Kd3 Ke7 25. Kc4 Bb6 26. Kb5 Bd8 27. g4 h6 28. c4 Kd6 29. Bb7 Kc7 30. Be4 Kd6 31. c5+ Kc7 32. Kxa5 Kb8+ 33. Kb5 Bc7 34. h3 Be5 35. b4 Kc7 36. a4 1-0


[Site "https://www.chess.com"]

[Event "Titled Tuesday Blitz July 25 Early 2023"]
[White "Garv Gaur"]
[Black "Donskov, Anatoly"]
[WhiteFideId "45030839"]
[BlackFideId "24143413"]
[WhiteElo "2551"]
[BlackElo "2407"]
[Result "1-0"]
[Round "5"]
[TimeControl "180+2"]
[Date "2023.07.25"]
[WhiteClock "0:00:35"]
[BlackClock "0:00:00"]
[Board "158"]

1. Nf3 d5 2. g3 Nf6 3. b3 g6 4. Bb2 Bg7 5. Bg2 O-O 6. O-O Bf5 7. d3 c6 8. c4 h6 9. Nbd2 Na6 10. Ne5 Nd7 11. Nxd7 Qxd7 12. Bxg7 Kxg7 13. Qc2 d4 14. Rfe1 e5 15. a3 Rae8 16. b4 Nc7 17. Rad1 Bh3 18. Bh1 h5 19. Nf3 Bg4 20. Qb2 b6 21. Rd2 Qe7 22. e3 Qf6 23. Nh4 g5 24. Ng2 Bf3 25. Rf1 Ne6 26. Ne1 g4 27. h4 Bxh1 28. Kxh1 Qg6 29. Re2 f5 30. Ng2 f4 31. exf4 exf4 32. Rxe6 Qxe6 33. Nxf4 Rxf4 34. gxf4 Qf6 35. Kg1 Rd8 36. Re1 Qxh4 37. Qe2 Qf6 38. Qe5 Kf7 39. Qxh5+ Kg7 40. Qxg4+ Qg6 41. Re7+ Kf6 42. Re6+ 1-0


[Site "https://www.chess.com"]

[Event "Titled Tuesday Blitz July 25 Early 2023"]
[White "Eynullayev, Altay"]
[Black "Haraguchi, Diego Sashaki"]
[WhiteFideId "13413562"]
[BlackFideId "22729925"]
[WhiteElo "2544"]
[BlackElo "2398"]
[Result "1-0"]
[Round "5"]
[TimeControl "180+2"]
[Date "2023.07.25"]
[WhiteClock "0:01:24"]
[BlackClock "0:02:03"]
[Board "159"]

1. e4 c5 2. Nf3 e6 3. d4 cxd4 4. Nxd4 Nc6 5. Nc3 Nf6 6. Nxc6 bxc6 7. e5 Nd5 8. Ne4 Qc7 9. f4 Qb6 10. c4 f5 11. exf6 Nxf6 12. Nxf6+ gxf6 13. Qh5+ Kd8 14. a3 Bc5 15. Bd3 Bf2+ 16. Ke2 Bd4 17. Rb1 a5 18. Bd2 Ba6 19. Bxa5 1-0


[Site "https://www.chess.com"]

[Event "Titled Tuesday Blitz July 25 Early 2023"]
[White "To, Nhat Minh"]
[Black "Stork, Oliver"]
[WhiteFideId "729019"]
[BlackFideId "12955728"]
[WhiteElo "2530"]
[BlackElo "2394"]
[Result "1-0"]
[Round "5"]
[TimeControl "180+2"]
[Date "2023.07.25"]
[WhiteClock "0:00:41"]
[BlackClock "0:00:00"]
[Board "160"]

1. e4 c5 2. Nf3 d6 3. d4 cxd4 4. Nxd4 Nf6 5. Nc3 g6 6. Be3 Bg7 7. f3 O-O 8. Qd2 Nc6 9. O-O-O d5 10. exd5 Nxd5 11. Nxc6 bxc6 12. Bd4 e5 13. Bc5 Re8 14. Ne4 Qc7 15. h4 f5 16. Nd6 Rd8 17. Nxc8 Raxc8 18. Bc4 h5 19. Kb1 Kh7 20. Qf2 Rb8 21. Bb3 a5 22. a4 e4 23. fxe4 fxe4 24. g4 hxg4 25. h5 g5 26. h6 Be5 27. Qf5+ Kh8 28. Qxe4 Rxb3 29. cxb3 Rb8 30. Rhe1 Bf6 31. Ka2 Qb7 32. Qc4 Qh7 33. Re6 Rb4 34. Re8+ 1-0


[Site "https://www.chess.com"]

[Event "Titled Tuesday Blitz July 25 Early 2023"]
[White "Tikhonov, Viacheslav"]
[Black "Mejia, Cherry Ann"]
[WhiteFideId "44196407"]
[BlackFideId "5206880"]
[WhiteElo "2490"]
[BlackElo "2386"]
[Result "0-1"]
[Round "5"]
[TimeControl "180+2"]
[Date "2023.07.25"]
[WhiteClock "0:00:08"]
[BlackClock "0:00:08"]
[Board "161"]

1. e4 c5 2. Nf3 Nc6 3. d4 cxd4 4. Nxd4 Qb6 5. Nb3 Nf6 6. Nc3 e6 7. Be3 Qc7 8. Be2 a6 9. Qd2 b5 10. a3 d6 11. O-O Be7 12. f4 O-O 13. Kh1 Bb7 14. Bf3 Rac8 15. Rad1 Rfe8 16. Qf2 Bf8 17. g4 b4 18. g5 Nd7 19. axb4 Nxb4 20. Nd4 d5 21. e5 Nc5 22. Qg2 Qb8 23. Rde1 Qa8 24. f5 Ne4 25. g6 fxg6 26. fxg6 Rc7 27. Bxe4 dxe4 28. gxh7+ Kh8 29. Rxf8+ Rxf8 30. Nxe6 Rcf7 31. Nxf8 Qxf8 32. e6 Rf3 33. Nd1 Nxc2 34. Qxc2 Rf1+ 35. Rxf1 Qxf1+ 36. Bg1 e3+ 37. Qg2 Bxg2# 0-1


[Site "https://www.chess.com"]

[Event "Titled Tuesday Blitz July 25 Early 2023"]
[White "Fontaine, Quentin"]
[Black "Sahil, Tickoo"]
[WhiteFideId "230804"]
[BlackFideId "5019710"]
[WhiteElo "2489"]
[BlackElo "2366"]
[Result "1-0"]
[Round "5"]
[TimeControl "180+2"]
[Date "2023.07.25"]
[WhiteClock "0:00:46"]
[BlackClock "0:00:14"]
[Board "162"]

1. Nf3 d5 2. g3 Nf6 3. Bg2 c6 4. O-O Bf5 5. d3 e6 6. Nbd2 h6 7. b3 Be7 8. Bb2 a5 9. e4 dxe4 10. dxe4 Bh7 11. a4 O-O 12. Qe2 Na6 13. Ne1 Nb4 14. Nc4 Nd7 15. Nd3 Qc7 16. Nxb4 axb4 17. Rad1 Rfd8 18. f4 Bc5+ 19. Kh1 Nf8 20. f5 exf5 21. exf5 Rxd1 22. Qxd1 Rd8 23. Qg4 g6 24. Qh4 b5 25. Qf6 Bd4 26. Bxd4 Rxd4 27. Qxd4 bxc4 28. Qxc4 gxf5 29. Qxc6 Qe5 30. Qxh6 Ne6 31. Qd2 Ng5 32. Qxg5+ 1-0


[Site "https://www.chess.com"]

[Event "Titled Tuesday Blitz July 25 Early 2023"]
[White "Korelskiy, Egor"]
[Black "Fisabilillah, Ummi"]
[WhiteFideId "34329064"]
[BlackFideId "7104804"]
[WhiteElo "2488"]
[BlackElo "2354"]
[Result "0-1"]
[Round "5"]
[TimeControl "180+2"]
[Date "2023.07.25"]
[WhiteClock "0:00:00"]
[BlackClock "0:00:20"]
[Board "163"]

1. e4 e6 2. d4 d5 3. Nc3 Bb4 4. e5 c5 5. a3 Bxc3+ 6. bxc3 Qc7 7. Nf3 Ne7 8. Be2 b6 9. O-O Ba6 10. Bxa6 Nxa6 11. Bg5 Nf5 12. Qe2 Nb8 13. c4 h6 14. Bd2 dxc4 15. Qxc4 O-O 16. d5 exd5 17. Qxd5 Qc6 18. c4 Ne7 19. Qd3 Qe6 20. Bf4 Nbc6 21. Bg3 Rad8 22. Qc3 Nf5 23. Rfe1 Nfd4 24. Nd2 Na5 25. Rac1 Rd7 26. Ne4 Rfd8 27. Nd6 Nac6 28. h3 Nf5 29. Bh2 Ncd4 30. Qd3 Qg6 31. Qc3 Nh4 32. Bg3 Ndf5 33. Rcd1 Nxg3 34. fxg3 Nf5 35. Nxf5 Qxf5 36. Rxd7 Rxd7 37. Qe3 Rd3 38. Qe2 Rxg3 39. Rd1 Rxa3 40. Kh1 Kh7 41. Rf1 Qg6 42. h4 h5 43. Qf2 Kg8 44. Re1 Rg3 45. e6 fxe6 46. Kh2 Rg4 47. Re5 Qf6 48. Qe3 Qxh4+ 49. Kg1 Rxc4 50. Rxe6 Qd4 51. Re8+ Kh7 0-1


[Site "https://www.chess.com"]

[Event "Titled Tuesday Blitz July 25 Early 2023"]
[White "Lehtosaari, Mauri"]
[Black "Wernberg, Hugo"]
[WhiteFideId "501999"]
[BlackFideId "1737511"]
[WhiteElo "2484"]
[BlackElo "2345"]
[Result "0-1"]
[Round "5"]
[TimeControl "180+2"]
[Date "2023.07.25"]
[WhiteClock "0:00:00"]
[BlackClock "0:00:07"]
[Board "164"]

1. d4 d5 2. Nf3 e6 3. Bf4 Nf6 4. Nbd2 c5 5. e3 Bd6 6. Bg3 Qc7 7. c3 Nbd7 8. Bd3 O-O 9. O-O e5 10. dxe5 Nxe5 11. Nxe5 Bxe5 12. Bxe5 Qxe5 13. Nf3 Qe7 14. h3 b6 15. Re1 Bb7 16. Qa4 Ne4 17. Rad1 Rfd8 18. Nd2 Nxd2 19. Rxd2 d4 20. cxd4 cxd4 21. e4 a6 22. Red1 b5 23. Qa5 Rd6 24. f3 Rad8 25. Bf1 h5 26. a4 bxa4 27. Qxh5 Rb6 28. Bc4 g6 29. Qh6 Qb4 30. Rxd4 Qc5 31. Qe3 Rbd6 32. Bd5 Bxd5 33. exd5 Rxd5 34. Kh2 Rxd4 35. Rxd4 Qxd4 36. Qe2 Qd6+ 37. g3 Qd2 0-1


[Site "https://www.chess.com"]

[Event "Titled Tuesday Blitz July 25 Early 2023"]
[White "Onufrienko, Vladislav"]
[Black "chessmateto"]
[WhiteFideId "13804332"]
[WhiteElo "2483"]
[BlackElo "2343"]
[Result "1-0"]
[Round "5"]
[TimeControl "180+2"]
[Date "2023.07.25"]
[WhiteClock "0:01:50"]
[BlackClock "0:00:44"]
[Board "165"]

1. e4 c6 2. d4 d5 3. e5 Bf5 4. Nf3 e6 5. Be2 Nd7 6. O-O Ne7 7. Be3 h6 8. Nbd2 g5 9. Rc1 Bg7 10. c4 O-O 11. Nb3 Bg6 12. cxd5 cxd5 13. Nc5 Nxc5 14. Rxc5 Rc8 15. b4 b6 16. Rxc8 Qxc8 17. Qa4 Qb7 18. Ba6 Qc6 19. Bb5 Qb7 20. Rc1 Rc8 21. Rxc8+ Nxc8 22. Ba6 Qc7 23. Qe8+ 1-0


[Site "https://www.chess.com"]

[Event "Titled Tuesday Blitz July 25 Early 2023"]
[White "Tsyhanchuk, Stanislav"]
[Black "Kirillov, Dmitry"]
[WhiteFideId "13505130"]
[BlackFideId "34180572"]
[WhiteElo "2322"]
[BlackElo "2482"]
[Result "0-1"]
[Round "5"]
[TimeControl "180+2"]
[Date "2023.07.25"]
[WhiteClock "0:00:08"]
[BlackClock "0:00:44"]
[Board "166"]

1. c4 e5 2. Nc3 Nf6 3. Nf3 Nc6 4. e4 d6 5. d3 g6 6. h3 Bg7 7. Be2 O-O 8. O-O Be6 9. g4 h6 10. Nd5 Nd7 11. Ne3 a5 12. Bd2 Nc5 13. Qc1 Kh7 14. Kh2 Bd7 15. Rg1 Ne6 16. g5 h5 17. Bf1 Ned4 18. Nxd4 Nxd4 19. Qd1 Ne6 20. Nd5 c6 21. Nf6+ Bxf6 22. gxf6 Qxf6 23. Qe2 Nd4 24. Qe3 Nf3+ 25. Kh1 Nxg1 26. Kxg1 g5 27. Bg2 Rg8 28. Qe2 g4 29. Kh2 Qg6 30. h4 g3+ 31. Kh1 gxf2 32. Qxf2 Raf8 33. Rg1 Qg3 34. Qf6 Rg6 35. Qe7 Re6 36. Qg5 Qxg5 37. hxg5 Rg6 38. Bf3 Bg4 39. Bxg4 hxg4 40. Rxg4 Kg7 41. Kg2 f6 42. Rg3 fxg5 43. Bxg5 Kf7 44. Bh4 Rxg3+ 45. Bxg3 Ke6 46. Bf2 b5 47. b3 bxc4 48. bxc4 Rb8 49. Kf1 Rb1+ 50. Kg2 Rb2 51. a4 Ra2 52. Kf3 Rxa4 53. Ke3 Ra2 54. Bh4 a4 55. c5 dxc5 56. Bg5 a3 57. Bh6 Rc2 58. Bf8 a2 59. d4 cxd4+ 60. Kd3 Rc3+ 61. Kd2 a1=Q 62. Bc5 Qb2+ 63. Kd1 Rc1# 0-1


[Site "https://www.chess.com"]

[Event "Titled Tuesday Blitz July 25 Early 2023"]
[White "Erzhanov, Arman"]
[Black "LLariMarc"]
[WhiteFideId "4138821"]
[WhiteElo "2480"]
[BlackElo "2299"]
[Result "0-1"]
[Round "5"]
[TimeControl "180+2"]
[Date "2023.07.25"]
[WhiteClock "0:00:19"]
[BlackClock "0:01:55"]
[Board "167"]

1. e4 e6 2. b3 d5 3. Bb2 dxe4 4. Nc3 Nf6 5. Qe2 Nc6 6. Nxe4 Nd4 7. Nxf6+ gxf6 8. Qe4 c5 9. O-O-O f5 10. Qe5 f6 11. Qg3 e5 12. Nf3 Be6 13. Nxd4 cxd4 14. Bb5+ Kf7 15. Rhe1 h5 16. f4 e4 17. c3 d3 18. c4 a6 19. Ba4 b5 20. cxb5 axb5 21. Bxb5 Rxa2 22. Qe3 Qc7+ 23. Bc3 Bxb3 24. Bxd3 Ba3+ 25. Kb1 exd3 26. Qxd3 Bc2+ 27. Qxc2 Rxc2 28. Kxc2 Bb4 29. Re3 Bxc3 30. Rxc3 Qxf4 31. g3 Qe4+ 32. d3 Qg2+ 33. Rd2 Qh3 34. Rc7+ Kg6 35. Rc4 h4 36. gxh4 Rxh4 37. Rc8 f4 38. Rg8+ Kf5 39. Rdg2 f3 40. Rf2 Kf4 41. Rg3 Qxg3 42. hxg3+ Kxg3 43. Rf1 Kg2 44. Rb1 f2 45. Kd2 f1=Q 46. Rxf1 Kxf1 47. Ke3 f5 48. d4 Re4+ 49. Kd3 Kf2 50. d5 Kf3 51. Kc3 f4 52. Kd3 Re8 53. Kd4 Ke2 54. d6 f3 55. Kd5 f2 56. d7 Rd8 57. Ke6 f1=Q 58. Ke7 Qf8+ 59. Ke6 Qg7 0-1


[Site "https://www.chess.com"]

[Event "Titled Tuesday Blitz July 25 Early 2023"]
[White "Michalczak, Thomas"]
[Black "EdmundPlayer"]
[WhiteFideId "4622634"]
[WhiteElo "2473"]
[BlackElo "2312"]
[Result "1-0"]
[Round "5"]
[TimeControl "180+2"]
[Date "2023.07.25"]
[WhiteClock "0:00:05"]
[BlackClock "0:00:00"]
[Board "168"]

1. e4 e5 2. Nf3 Nc6 3. Bb5 a6 4. Ba4 Nf6 5. O-O Nxe4 6. d4 b5 7. Bb3 d5 8. dxe5 Be6 9. Nbd2 Nc5 10. c3 d4 11. Bc2 dxc3 12. bxc3 Be7 13. Qe2 O-O 14. Rd1 Qc8 15. Ne4 Bf5 16. Bg5 Qe6 17. Bxe7 Qxe7 18. Nf6+ gxf6 19. Bxf5 fxe5 20. Rd5 Rad8 21. Rad1 Rxd5 22. Rxd5 Rd8 23. Rxd8+ Qxd8 24. h4 Qd6 25. Ng5 h6 26. Nh3 Ne7 27. Qg4+ Kf8 28. Be4 Nxe4 29. Qxe4 f5 30. Qa8+ Kf7 31. f3 Qe6 32. Kh2 e4 33. fxe4 fxe4 34. Nf4 Qe5 35. g3 e3 36. Qf3 Nf5 37. Nd3 Qf6 38. g4 Nxh4 39. Qxe3 Nf3+ 40. Kg3 Ng5 41. Nf4 Kf8 42. Qa7 Qxc3+ 43. Kh4 1-0


[Site "https://www.chess.com"]

[Event "Titled Tuesday Blitz July 25 Early 2023"]
[White "Putri, Regita Desyari"]
[Black "Yeritsyan, Hayk"]
[WhiteFideId "7109083"]
[BlackFideId "13307320"]
[WhiteElo "2216"]
[BlackElo "2467"]
[Result "0-1"]
[Round "5"]
[TimeControl "180+2"]
[Date "2023.07.25"]
[WhiteClock "0:00:00"]
[BlackClock "0:00:42"]
[Board "169"]

1. e4 c6 2. d4 g6 3. f4 Bg7 4. Nf3 d5 5. e5 Nh6 6. Bd3 Bf5 7. O-O Bxd3 8. Qxd3 O-O 9. Nbd2 Qd7 10. Re1 Qf5 11. Qxf5 Nxf5 12. g4 Nh6 13. h3 Na6 14. c3 f6 15. e6 Nc7 16. Nf1 Kh8 17. Ng3 Rad8 18. Kf2 Nb5 19. Be3 Nd6 20. Nd2 f5 21. g5 Ng8 22. Nb3 b6 23. Rac1 Ne4+ 24. Nxe4 fxe4 25. c4 Rd6 26. cxd5 cxd5 27. Rc7 Rxe6 28. Rec1 Rd6 29. Ke2 a5 30. a4 Rb8 31. Rc8 Rd8 32. Rxd8 Rxd8 33. Nd2 e6 34. Rc6 Ne7 35. Rc7 Nf5 36. Nb1 Bxd4 37. Bxd4+ Nxd4+ 0-1


[Site "https://www.chess.com"]

[Event "Titled Tuesday Blitz July 25 Early 2023"]
[White "Atanasov, Radislav"]
[Black "ExchangeAB"]
[WhiteFideId "2901471"]
[WhiteElo "2258"]
[BlackElo "2460"]
[Result "0-1"]
[Round "5"]
[TimeControl "180+2"]
[Date "2023.07.25"]
[WhiteClock "0:00:00"]
[BlackClock "0:01:08"]
[Board "170"]

1. e4 c6 2. d4 d5 3. exd5 cxd5 4. c4 Nf6 5. Nc3 e6 6. Nf3 Bb4 7. Bd3 dxc4 8. Bxc4 O-O 9. O-O b6 10. Bg5 Bb7 11. Ne5 h6 12. Bh4 Be7 13. Qd3 Nd5 14. Bg3 Nb4 15. Qd2 N8c6 16. Nf3 Bf6 17. Rad1 Ne7 18. Rfe1 Bxf3 19. gxf3 Nbd5 20. Ne4 Nf5 21. Be5 Bg5 22. Nxg5 Qxg5+ 23. Qxg5 hxg5 24. Ba6 Rad8 25. Re4 f6 26. Bg3 Kf7 27. Rde1 Rfe8 28. Bb5 Re7 0-1


[Site "https://www.chess.com"]